 Dungeon Crawl Stone Soup version 0.29-a0-668-g12ee2bf84d (webtiles) character file.

Game seed: 8729187135612358053

651 Sabo the Chopper (level 7, -4/61 HPs)
             Began as a Hill Orc Fighter on June 23, 2022.
             Was an Initiate of Yredelemnul.
             Slain by a gnoll
             ... wielding a +0 spear
             ... led by a gnoll shaman
              (5 damage)
             ... on level 5 of the Dungeon on June 24, 2022.
             The game lasted 00:27:17 (4520 turns).

Sabo the Chopper (Hill Orc Fighter)                 Turns: 4520, Time: 00:27:18

Health: -4/61      AC:  9    Str: 21    XL:     7   Next: 53%
Magic:  7/7        EV:  9    Int:  8    God:    Yredelemnul [......]
Gold:   184        SH:  4    Dex: 10    Spells: 6/6 levels left

rFire   . . .      SeeInvis .   a - +0 war axe
rCold   + . .      Faith    .   c - +0 buckler
rNeg    . . .      Spirit   .   b - +0 scale mail
rPois   .          Reflect  .   (no helmet)
rElec   .          Harm     .   (no cloak)
rCorr   .          Rampage  .   J - +0 pair of gloves
Will    .....                   H - +0 pair of boots
Stlth   ..........              y - amulet of regeneration
HPRegen 1.00/turn               w - ring of protection from cold
MPRegen 0.10/turn               (no ring)

@: mighty, brilliant
A: no striking features
a: Renounce Religion, Recall Undead Harvest


You were on level 5 of the Dungeon.
You worshipped Yredelemnul.
Yredelemnul was noncommittal.
You visited 1 branch of the dungeon, and saw 5 of its levels.
You also visited: Sewer.

You collected 184 gold pieces.

Inventory:

Hand Weapons
 a - a +0 war axe (weapon)
 h - a +0 hunting sling
 i - a +4 whip
 q - a +2 dagger of electrocution
 t - the +7 spear "Xuicsi Veedd" {pain, *Rage Int+4 SInv}
   (You found it on level 3 of the Dungeon)

   In the hands of one skilled in necromantic magic, it inflicts extra damage on
   living creatures.
   Int:       It affects your intelligence (+4).
   SInv:      It lets you see invisible.
   *Rage:     It berserks you when you make melee attacks (+20% chance).
 B - a +0 glaive
Missiles
 m - 2 poisoned darts (quivered)
Armour
 b - a +0 scale mail (worn)
 c - a +0 buckler (worn)
 H - a +0 pair of boots (worn)
 J - a +0 pair of gloves (worn)
Jewellery
 r - an amulet of reflection
 w - a ring of protection from cold (left hand)
 y - an amulet of regeneration (around neck)
Scrolls
 f - 4 scrolls of teleportation
 l - a scroll of silence
 o - a scroll of brand weapon
 s - 2 scrolls of blinking
 u - 2 scrolls of poison
 A - a scroll of immolation {unknown}
 F - a scroll of magic mapping {unknown}
 G - a scroll of acquirement {unknown}
 I - a scroll of vulnerability {unknown}
Potions
 d - 2 potions of might
 e - a potion of flight
 g - 2 potions of curing
 j - 2 potions of cancellation {unknown}
 n - 2 potions of resistance {unknown}
 p - a potion of heal wounds {unknown}
 v - 2 potions of degeneration {unknown}
 x - 2 potions of haste {unknown}
 z - 2 potions of brilliance
 C - 2 potions of magic {unknown}
 D - a potion of invisibility {unknown}
 E - 2 potions of lignification {unknown}


   Skills:
 + Level 5.3 Fighting
 + Level 7.0 Axes
 + Level 5.2 Armour
 + Level 0.6 Dodging
 + Level 1.2 Stealth
 + Level 4.5 Shields
 + Level 0.1 Invocations


You had 6 spell levels left.
You didn't know any spells.
Your spell library contained the following spells:

 Spells                   Type           Power      Damage    Failure   Level
 Freeze                   Ice            0%         1d3       82%         1
 Ensorcelled Hibernation  Hex/Ice        0%         N/A       91%         2
 Frozen Ramparts          Ice            0%         1d2       99%         3
 Gell's Gravitas          Tloc           0%         N/A       99%         3
 Lesser Beckoning         Tloc           0%         N/A       99%         3
 Spider Form              Tmut/Pois      0%         N/A       99%         3
 Teleport Other           Tloc           0%         N/A       99%         3
 Anguish                  Hex/Necr       0%         N/A       100%        4
 Hailstorm                Conj/Ice       0%         3d3       100%        4


Dungeon Overview and Level Annotations

Branches:
Dungeon (5/15)              Sewer (visited)
 Temple: D:4-7

Altars:
Yredelemnul

Shops:
D:2 [

Annotations:
D:5 Edmund, Menkaure


Message History

* * * LOW HITPOINT WARNING * * *
Your hound zombie barely misses Edmund.
The ice beast hits you but does no damage.
The gnoll closely misses your hound zombie.
You block Edmund's attack.
The gnoll shaman mumbles some strange prayers to its god against you.
You resist with some effort.
Your hound zombie bites Edmund.
The gnoll hits you with a +0 spear.
* * * LOW HITPOINT WARNING * * *
It was a potion of brilliance.
You feel clever all of a sudden.
The gnoll hits your hound zombie with a +0 club.
Edmund barely misses you. The ice beast hits you.
* * * LOW HITPOINT WARNING * * *
The ice beast freezes you. You resist.
* * * LOW HITPOINT WARNING * * *
Your hound zombie bites Edmund but does no damage.
There are monsters nearby!
You feel better. You block the gnoll's attack.
Your hound zombie barely misses Edmund.
Your gnoll zombie barely misses the gnoll.
The ice beast hits you but does no damage.
The gnoll hits your hound zombie with a +0 club.
Edmund hits you with a +1 vorpal dire flail.
* * * LOW HITPOINT WARNING * * *
x2 The gnoll barely misses you.
You barely miss the gnoll shaman.
The gnoll shaman is heavily wounded.
You slash the ice beast! You hit the gnoll but do no damage. You slash Edmund!
Your hound zombie bites the gnoll but does no damage.
The gnoll completely misses you. The ice beast hits you.
* * * LOW HITPOINT WARNING * * *
The ice beast freezes you. You resist.
* * * LOW HITPOINT WARNING * * *
You block the gnoll's attack. Edmund closely misses you.
The gnoll barely misses your hound zombie.
Your hound zombie closely misses the gnoll.
The gnoll hits you from afar with a +0 spear.
You die...
Your body rises from the dead as a mindless zombie.

##..#.### ... ..
...##### .# .# #.#...#
.###.# .....# .....#
#...# ....## ...##
##### ?...#########..#
...$#
...............##Y...#
....##########Z@@gg..#
....# #g##gZ..# ....#
#.. ....# ....#
####....# ....# ....#
##### ...?# ....#
....#


You could see Edmund, an ice beast, a gnoll shaman, 3 gnolls, a friendly hound
zombie and a friendly gnoll zombie.

Vanquished Creatures
  Sigmund (D:2)
  A necrophage (D:4)
  An orc priest (D:4)
  A hound (D:5)
  Jessica (D:3)
  2 orc wizards (D:4)
  3 adders
  2 gnolls (D:5)
  6 river rats
  A white imp (D:5)
  2 worms (D:4)
  5 dart slugs
  2 orcs (D:4)
  9 ball pythons
  6 endoplasms
  5 giant cockroaches
  5 goblins
  5 hobgoblins
  3 jackals (D:2)
  3 quokkas
  5 bats
  6 frilled lizards
  A giant cockroach zombie (D:4)
  9 kobolds
  A kobold zombie (D:4)
  9 rats
95 creatures vanquished.

Vanquished Creatures (collateral kills)
  A jelly (Sewer)
  A hound (D:4)
  An adder (D:3)
  A worm (D:2)
  4 ball pythons
  3 endoplasms
  2 giant cockroaches
  A goblin (D:2)
  A jackal (D:2)
  A quokka (D:3)
  3 bats
  3 frilled lizards
  A kobold (D:1)
  A rat (D:2)
24 creatures vanquished.

Vanquished Creatures (others)
  3 bat zombies
  3 ball python zombies
  A dart slug zombie (D:2)
  2 endoplasm zombies (Sewer)
  2 frilled lizard zombies (D:2)
  A gnoll zombie (D:5)
  2 goblin zombies (D:2)
  A jackal zombie (D:2)
  A kobold zombie (D:4)
  An orc zombie (D:4)
  A rat zombie (D:2)
18 creatures vanquished.

Grand Total: 137 creatures vanquished

Notes
Turn   | Place    | Note
-------+----------+-------------------------------------------
     0 | D:1      | Sabo the Hill Orc Fighter began the quest for the Orb.
     0 | D:1      | Reached XP level 1. HP: 19/19 MP: 1/1
   202 | D:1      | Reached XP level 2. HP: 24/27 MP: 2/2
   449 | D:1      | Found a faded altar of an unknown god.
   498 | D:1      | Prayed at the altar of an unknown god.
   498 | D:1      | Became a worshipper of Yredelemnul the Dark
   498 | D:1      | Reached * piety under Yredelemnul
   571 | D:1      | Reached skill level 3 in Axes
   571 | D:1      | Reached XP level 3. HP: 33/33 MP: 3/3
  1146 | D:2      | Noticed Sigmund
  1159 | D:2      | Killed Sigmund
  1160 | D:2      | Reached skill level 5 in Axes
  1160 | D:2      | Reached XP level 4. HP: 22/41 MP: 4/4
  1160 | D:2      | Reached XP level 5. HP: 25/47 MP: 5/5
  1425 | D:2      | Reached XP level 6. HP: 42/55 MP: 6/6
  1601 | D:2      | Found Reho's Antique Armour Emporium.
  2095 | D:2      | Reached ** piety under Yredelemnul
  2470 | D:3      | Identified the +7 spear "Xuicsi Veedd" {pain, *Rage Int+4
                  | SInv}
  2802 | D:3      | Noticed Jessica
  2807 | D:3      | Killed Jessica
  2935 | D:4      | Reached skill level 6 in Axes
  3057 | D:4      | Found a glowing drain.
  3065 | Sewer    | Entered a sewer
  3138 | Sewer    | Reached skill level 5 in Fighting
  3158 | Sewer    | Reached XP level 7. HP: 52/61 MP: 7/7
  3159 | Sewer    | Found a viscous altar of Jiyva.
  3619 | D:4      | Reached skill level 5 in Armour
  3972 | D:4      | Reached skill level 1 in Stealth
  3982 | D:4      | Reached skill level 7 in Axes
  4434 | D:5      | Entered Level 5 of the Dungeon
  4508 | D:5      | Noticed Edmund
  4508 | D:5      | Noticed Menkaure
  4520 | D:5      | HP: 1/61 [ice beast (4)]
  4520 | D:5      | Slain by a gnoll

Illustrated notes

Levels and vault maps discovered:
D:1:      nicolae_arrival_washed_ashore, layout_basic,
          chequers_ecumenical_altar_simple_redux
D:2:      layout_rooms, serial_shops, nicolae_square_shop,
          amcnicky_mini_corridor_feature, lemuel_old_faithful, uniq_sigmund
D:3:      layout_rooms, uniq_jessica
D:4:      layout_loops_ring, lightli_sewer_entry_pipes
D:5:      layout_rooms, lemuel_round_altar, uniq_edmund, uniq_menkaure,
          uniq_crazy_yiuf_cottage

Skill      XL: |  1  2  3  4  5  6  7 |
---------------+----------------------+-----
Fighting       | 4 5 |  5.3
Axes           | 3 5 6 7 |  7.0
Armour         | 4 5 |  5.2
Shields        | 4 |  4.5
Stealth        | 1 |  1.2
Dodging        | |  0.6
Invocations    | |  0.1

Action                   |  1- 3 |  4- 6 |  7- 9 || total
-------------------------+-------+-------+-------++-------
Melee: War axe           |    58 |    90 |    83 ||   231
Invok: Recall Undead Har |     1 |       |     1 ||     2
  Use: Scroll            |       |     6 |     3 ||     9
       Potion            |       |       |     3 ||     3
 Stab: Distracted        |       |     3 |       ||     3
Armor: Scale mail        |    28 |    50 |    31 ||   109
Dodge: Dodged            |    25 |    39 |    35 ||    99
Block: Buckler           |    19 |    28 |    21 ||    68

Table legend: (Time is in decaauts)
 A = Elapsed time spent in this place.
 B = Non-inter-level travel time spent in this place.
 C = Inter-level travel time spent in this place.
 D = Time resting spent in this place.
 E = Time spent auto-exploring this place.
 F = Levels seen in this place.
 G = Mean time per level.
                   A        B        C        D        E       F      G
               +--------+--------+--------+--------+--------+-----+--------+
         Total |   4730 |   4730 |      0 |    849 |      0 |   6 |  788.3 |
       Dungeon |   4334 |   4334 |      0 |    849 |      0 |   5 |  866.8 |
         Sewer |    395 |    395 |      0 |      0 |      0 |   1 |  395.0 |
               +--------+--------+--------+--------+--------+-----+--------+

Top non-repeatable levels by time:
     D:4: 1266 daAuts
     D:2: 1238 daAuts
     D:1: 1148 daAuts
     D:3: 593 daAuts
   Sewer: 395 daAuts
     D:5: 88 daAuts
